 Dungeon Crawl Stone Soup version 0.28.0-1-gb440e238dd (webtiles) character file.

Game seed: 17949781270487839690

202663 leafyfresh the Spry (level 18, -16/138 HPs)
             Began as a Merfolk Transmuter on Feb 25, 2022.
             Was the Champion of Cheibriados.
             Killed from afar by a deep elf high priest (20 damage)
             ... with damnation
             ... on level 2 of the Elven Halls.
             The game lasted 01:54:01 (48455 turns).

leafyfresh the Spry (Merfolk Transmuter)           Turns: 48455, Time: 01:54:02

Health: -16/138    AC: 20    Str: 27      XL:     18   Next: 58%
Magic:  16/29      EV: 58    Int: 32 (33) God:    Cheibriados [******]
Gold:   2991       SH:  4    Dex: 35 (36) Spells: 5/31 levels left

rFire   . . .      SeeInvis +     - Unarmed
rCold   . . .      Faith    .   (no shield)
rNeg    . . .      Spirit   .   I - +3 steam dragon scales
rPois   .          Reflect  .   b - +2 hat of Valour {Str+2 Int+4}
rElec   .          Harm     .   e - scarf {+Inv}
rCorr   .          Rampage  .   U - +2 pair of gloves
Will    +....      Clarity  +   q - +2 pair of boots {Fly}
Stlth   ++++++....              o - amulet of the acrobat
HPRegen 0.33/turn               g - +4 ring of evasion
MPRegen 0.21/turn               L - +4 ring of protection

@: acrobatic, flying, slightly contaminated, studying Ice Magic, unable to read,
very slow
A: (nimble swimmer 2), mertail, large bone plates 1, see invisible, clarity,
deterioration 1, frail 1, inability to read while threatened
}: 1/15 runes: gossamer
a: Renounce Religion, Evoke Invisibility, Bend Time, Temporal Distortion,
Slouch, Step From Time


You were on level 2 of the Elven Halls.
You worshipped Cheibriados.
Cheibriados was exalted by your worship.
You visited 6 branches of the dungeon, and saw 27 of its levels.
You also visited: Ossuary, Bailey, Gauntlet, Ice Cave and Volcano.

You collected 3081 gold pieces.
You spent 90 gold pieces at shops.

Inventory:

Armour
 b - the +2 hat of Valour (worn) {Str+2 Int+4}
   (You found it on level 4 of the Spider Nest)

   Str:       It affects your strength (+2).
   Int:       It affects your intelligence (+4).
 e - a scarf of invisibility (worn)
 q - a +2 pair of boots of flying (worn)
 r - a +2 leather armour of fire resistance
 w - the +2 leather armour "Zeithrin" {Harm +Inv rPois}
   (You found it on level 4 of the Dungeon)

   rPois:     It protects you from poison.
   +Inv:      It lets you turn invisible.
   Harm:      It increases damage dealt and taken.
 I - +3 steam dragon scales (worn)
 K - the +1 scale mail of the Dungeon {Will++}
   (You found it in a Gauntlet)

   Will:      It greatly increases your willpower.
 P - the +1 robe of the Tuna {Will+ Archmagi}
   (You took it off an orc wizard on level 11 of the Dungeon)

   Archmagi:  It increases the power of your magical spells.
   Will:      It increases your willpower.
 T - +0 acid dragon scales
 U - a +2 pair of gloves (worn)
 X - +0 swamp dragon scales
 Z - a +2 robe of fire resistance
Jewellery
 a - a ring of resist corrosion
 g - a +4 ring of evasion (left hand)
 h - a ring of positive energy
 o - an amulet of the acrobat (around neck)
 t - a ring of protection from cold
 L - a +4 ring of protection (right hand)
 N - a ring of willpower
Wands
 d - a wand of iceblast (20)
 C - a wand of polymorph (15)
 F - a wand of flame (21)
 R - a wand of acid (5)
 V - a wand of digging (5)
 W - a wand of charming (10)
Scrolls
 i - 5 scrolls of fear
 k - a scroll of brand weapon
 m - 8 scrolls of teleportation
 n - 4 scrolls of amnesia
 u - a scroll of torment {unknown}
 v - 2 scrolls of blinking
 y - 5 scrolls of fog
 z - a scroll of silence {unknown}
 G - 5 scrolls of enchant weapon
 Y - 2 scrolls of holy word
Potions
 c - 10 potions of heal wounds
 f - 7 potions of brilliance
 j - 5 potions of curing
 p - 4 potions of attraction
 s - 4 potions of mutation
 x - 4 potions of lignification
 A - 2 potions of might
 B - 2 potions of magic
 E - 2 potions of invisibility
 J - a potion of berserk rage
 M - a potion of cancellation
 O - 5 potions of ambrosia
 S - 3 potions of resistance
Miscellaneous
 D - a box of beasts
 H - a tin of tremorstones (2/2)


   Skills:
 - Level 17.1 Fighting
 - Level 3.1 Maces & Flails
 - Level 20.3 Dodging
 - Level 10.9 Stealth
 - Level 17.4 Unarmed Combat
 - Level 7.3 Spellcasting
 - Level 11.9 Transmutations
 - Level 1.2 Ice Magic
 - Level 3.6 Poison Magic
 - Level 7.7 Invocations
 + Level 9.9 Evocations


You had 5 spell levels left.
You knew the following spells:

 Your Spells              Type           Power      Damage    Failure   Level
a - Beastly Appendage     Tmut           100%       N/A       1%          1
b - Spider Form           Tmut/Pois      57%        N/A       1%          3
c - Ice Form              Ice/Tmut       52%        N/A       2%          4
d - Blade Hands           Tmut           36%        N/A       1%          5
e - Mephitic Cloud        Conj/Pois/Air  19%        N/A       8%          3
f - Ignite Poison         Fire/Tmut/Pois 45%        N/A       1%          3
g - Dragon Form           Tmut           36%        N/A       26%         7

Your spell library contained the following spells:

 Spells                   Type           Power      Damage    Failure   Level
 Wereblood                Tmut           73%        N/A       1%          2
 Poisonous Vapours        Pois/Air       46%        N/A       3%          2
 Foxfire                  Conj/Fire      44%        2x1d6     4%          1
 Magic Dart               Conj           44%        1d5       4%          1
 Sandblast                Erth           22%        2d7       4%          1
 Slow                     Hex            44%        N/A       4%          1
 Ensorcelled Hibernation  Hex/Ice        30%        N/A       4%          2
 Call Imp                 Summ           11%        N/A       6%          2
 Corpse Rot               Necr/Air       22%        N/A       6%          2
 Scorch                   Fire           22%        2d6       6%          2
 Static Discharge         Conj/Air       11%        N/A       6%          2
 Sublimation of Blood     Necr           11%        N/A       6%          2
 Frozen Ramparts          Ice            40%        1d6       7%          3
 Confusing Touch          Hex            11%        N/A       12%         3
 Conjure Flame            Conj/Fire      11%        6-21      12%         3
 Gell's Gravitas          Tloc           11%        N/A       12%         3
 Inner Flame              Hex/Fire       11%        N/A       12%         3
 Lesser Beckoning         Tloc           11%        N/A       12%         3
 Teleport Other           Tloc           11%        N/A       12%         3
 Vampiric Draining        Necr           11%        2d6       12%         3
 Summon Ice Beast         Ice/Summ       15%        N/A       30%         4
 Anguish                  Hex/Necr       5%         N/A       36%         4
 Animate Armour           Summ/Erth      22%        N/A       36%         4
 Cause Fear               Hex            5%         N/A       36%         4
 Dispel Undead            Necr           11%        3d9       36%         4
 Flame Wave               Conj/Fire      11%        2d5       36%         4
 Leda's Liquefaction      Hex/Erth       5%         N/A       36%         4
 Sticky Flame             Conj/Fire      11%        2d3       36%         4
 Fireball                 Conj/Fire      5%         3d5       73%         5
 Iron Shot                Conj/Erth      5%         9d2       99%         6
 Simulacrum               Ice/Necr       7%         N/A       99%         6
 Starburst                Conj/Fire      5%         6d4       99%         6
 Summon Cactus Giant      Summ           5%         N/A       99%         6
 Malign Gateway           Summ/Tloc      5%         N/A       100%        7
 Ozocubu's Refrigeration  Ice            10%        4d7       100%        7
 Spellforged Servitor     Conj/Summ      5%         N/A       100%        7
 Summon Hydra             Summ           5%         N/A       100%        7
 Ignition                 Fire           5%         3d4       100%        8
 Summon Horrible Things   Summ           5%         N/A       100%        8
 Dragon's Call            Summ           5%         N/A       100%        9


Dungeon Overview and Level Annotations

Branches:
Dungeon (12/15)            Temple (1/1) D:4            Lair (6/6) D:10
  Swamp (0/4) Lair:4       Spider (4/4) Lair:3        Slime (0/5) Lair:5
    Orc (2/2) D:12            Elf (2/3) Orc:2       Ossuary (visited)
 Bailey (visited)           IceCv (visited)         Volcano (visited)
Gauntlet (visited)

Altars:
Ashenzari
Cheibriados
Dithmenos
Elyvilon
Fedhas
Gozag
Hepliaklqana
Kikubaaqudgha
Makhleb
Nemelex Xobeh
Okawaru
Qazlal
Ru
Sif Muna
Trog
Uskayaw
Vehumet
Wu Jian
Xom
Yredelemnul
Zin
The Shining One
Beogh
Jiyva

Shops:
Orc:1 !   Orc:2 *[([

Portals:
Abyss: Elf:2

Annotations:
Elf:2 2 transporters, 5 runed translucent doors


Innate Abilities, Weirdness & Mutations

((You are very nimble when in or above water. (Stealth+, EV+, Speed+++)))
Your lower body shifts to a powerful aquatic tail in water.
You are partially covered in large bone plates. (SH +4)
You have supernaturally acute eyesight. (SInv)
You possess an exceptional clarity of mind.
Your body sometimes deteriorates upon taking damage.
You are frail. (-10% HP)
You sometimes lose the ability to read scrolls when taking damage.


Message History

The shard of ice hits you!! The orc completely misses you.
The deep elf knight is engulfed in blazing flames.
The orc priest is engulfed in blazing flames.
The deep elf high priest is engulfed in blazing flames.
You kill the deep elf high priest!
Cheibriados appreciates the change of pace.
The deep elf knight barely misses the orc priest.
The orc priest hits the orc with a +0 dagger.
The orc priest hits itself with a +0 dagger.
The orc priest is killed!
Cheibriados appreciates the change of pace.
The orc completely misses you.
The deep elf knight hits the deep elf high priest with a +0 long sword!
The deep elf knight hits itself with a +0 long sword!
Unknown command.
The orc completely misses you.
The deep elf knight gestures at you while chanting.
The shard of ice hits you!!
* * * LOW HITPOINT WARNING * * *
Your body deteriorates!
You feel clumsy.
The deep elf knight gestures at you while chanting.
The shard of ice misses you.
The deep elf knight shoots an arrow.
The arrow completely misses you.
You cannot read scrolls in your current state!
The deep elf knight shoots an arrow.
The arrow barely misses you.
The deep elf archer shoots an arrow.
The arrow hits the deep elf knight!
Unknown command.
Unknown command.
Unknown command.
Unknown command.
The deep elf knight shoots an arrow.
The arrow completely misses you.
The deep elf high priest invokes the aid of its god against you.
The sphere of damnation explodes!
The damnation engulfs you!!
* * * LOW HITPOINT WARNING * * *
The deep elf knight casts a spell at you.
The shard of ice misses you.
The deep elf archer shoots an arrow.
The arrow hits the deep elf knight!!
The deep elf high priest mumbles some strange prayers to its god against you.
The sphere of damnation explodes!
The damnation engulfs you!!
You die...

##.#### ##.####.
#########.####..
##.>......####.## ###########
##.#.####.####.###
.......ee.###.##..##.####.####
'#e'#'o##e##.###.#..####.####.
).[.. #)..####)#..###.####(#
..oe).. #.)..@##..##..........
.#.o#.. #....)))).....####....
...ooe. #.....#).###.#.##.#...
..$$... #..###)#.##.###..##...
.# .#.. #####.##)#[.......#...
##.###.<).).).......
##.####)#.)..........
##.####..######)......
#..###.#.#####.####..#


You could see a deep elf archer (empowered, repels missiles), a deep elf knight
(fast, empowered, invisible) and a deep elf high priest.

Vanquished Creatures
  Bai Suzhen (Spider:4)
  Agnes (Spider:3)
  Donald (Spider:4)
  The ghost of Cumifues the Severer, a journeyman MiMo of Qazlal (Spider:4)
  2 deep elf sorcerers (Elf:1)
  9 emperor scorpions
  A frost giant (IceCv)
  3 ghost moths
  2 orc warlords
  2 broodmothers
  A minotaur (Gauntlet)
  3 entropy weavers
  Azrael (Spider:3)
  A red draconian (Volcano)
  A spark wasp (Spider:3)
  The ghost of Sadonosm the Carver, a journeyman DgSk (Lair:3)
  A fire dragon (Lair:6)
  A deep elf high priest (Elf:2)
  Harold (Lair:2)
  8 boulder beetles
  6 hydras
  A jorogumo (Spider:3)
  A centaur warrior (Volcano)
  4 two-headed ogres
  14 dancing weapons
  7 death yaks (IceCv)
  Urug (Orc:1)
  An orc high priest (Orc:2)
  Sonja (Lair:1)
  11 deep elf knights
  9 pharaoh ants
  2 bog bodies (Lair:4)
  10 steelbarb worms
  A swamp dragon (Lair:6)
  7 deep elf archers (Elf:2)
  5 orb spiders
  Pikel (D:4)
  21 deep elf pyromancers
  4 orc knights
  20 deep elf zephyrmancers
  A necromancer (Gauntlet)
  20 wolf spiders
  2 orc sorcerers (Orc:2)
  2 manticores (D:12)
  2 moths of wrath (Spider:3)
  10 elephants
  2 cyclopes
  An ice statue (IceCv)
  An apocalypse crab (Gauntlet)
  6 black mambas
  9 torpor snails
  A gargoyle (D:12)
  17 cane toads
  13 rime drakes
  8 demonic crawlers
  6 komodo dragons
  2 unseen horrors
  A kobold demonologist (D:10)
  3 yaktaurs (Volcano)
  A merfolk (D:11)
  12 meliai
  4 hornets
  13 trolls
  7 polar bears
  17 tarantellas
  6 slime creatures (D:12)
  6 dream sheep (Lair:5)
  Prince Ribbit (D:8)
  A tarantella (shapeshifter) (Elf:1)
  2 blink frogs (shapeshifter)
  A centaur simulacrum (D:10)
  Sigmund (D:6)
  14 spriggans
  2 air elementals (Elf:2)
  25 jumping spiders
  2 shadows
  30 culicivoras
  3 fire elementals
  A wraith (D:12)
  69 yaks
  A ynoxinul (Gauntlet)
  2 vampires
  5 water elementals
  9 wyverns
  3 basilisks
  7 fire bats (Volcano)
  2 steam dragons
  71 redbacks
  4 vampire mosquitoes
  2 wargs (Orc:1)
  2 hell hounds (Spider:3)
  21 water moccasins
  4 acid dragons
  60 orc warriors
  A swamp drake (Lair:6)
  A sky beast (D:7)
  11 black bears
  A necrophage (D:6)
  10 ogres
  4 boggarts
  16 wolves
  20 centaurs
  4 lemures (Temple)
  2 phantoms
  4 kobold brigands (D:12)
  17 bullfrogs
  7 gnoll sergeants
  2 earth elementals
  4 elf skeletons (D:8)
  A wyvern zombie (D:6)
  3 scorpions
  A water moccasin zombie (D:5)
  A water moccasin skeleton (D:5)
  27 killer bees
  10 wights
  6 howler monkeys
  8 electric eels
  5 lava snakes (Volcano)
  5 centaur zombies
  A bullfrog skeleton (D:7)
  2 gnoll shamans
  5 hounds
  A human zombie (D:8)
  A centaur skeleton (D:7)
  22 orc priests
  8 iguanas
  3 iron imps (Gauntlet)
  Ijyb (D:2)
  19 orc wizards
  A hound skeleton (D:4)
  8 mummies (Ossuary)
  A howler monkey zombie (D:10)
  21 gnolls
  6 adders
  A shadow imp (D:5)
  A white imp (D:8)
  3 worms
  2 dart slugs
  109 orcs
  5 ball pythons
  10 bats
  7 endoplasms
  3 giant cockroaches
  11 hobgoblins
  4 quokkas
  2 frilled lizards (D:1)
  A gnoll zombie (Ossuary)
  10 goblins
  A hobgoblin zombie (Ossuary)
  9 kobolds
  2 kobold zombies (Ossuary)
  5 orc zombies
  8 rats
1152 creatures vanquished.

Vanquished Creatures (others)
  A deep elf pyromancer (Elf:2)
  2 orcs (Bailey)
  30 fungi
  63 plants
96 creatures vanquished.

Grand Total: 1248 creatures vanquished

Notes
Turn   | Place    | Note
-------+----------+-------------------------------------------
     0 | D:1      | leafyfresh the Merfolk Transmuter began the quest for the
                  | Orb.
     0 | D:1      | Reached XP level 1. HP: 15/15 MP: 3/3
   502 | D:1      | Found a faded altar of an unknown god.
   768 | D:1      | Reached XP level 2. HP: 21/21 MP: 3/5
  1654 | D:1      | Reached XP level 3. HP: 23/26 MP: 6/6
  2777 | D:1      | Learned a level 3 spell: Spider Form
  2787 | D:2      | Reached skill level 1 in Poison Magic
  2844 | D:2      | Reached skill level 1 in Stealth
  2917 | D:2      | Reached XP level 4. HP: 15/32 MP: 3/7
  3850 | D:3      | Noticed Ijyb
  4120 | D:2      | Killed Ijyb
  4121 | D:2      | Reached skill level 1 in Maces & Flails
  4541 | D:3      | Reached skill level 5 in Transmutations
  4541 | D:3      | Reached XP level 5. HP: 37/37 MP: 4/8
  5016 | D:3      | Got the Volume of Creation and the Mountains
  5423 | D:3      | Found a shimmering blue altar of Sif Muna.
  5528 | D:4      | Reached XP level 6. HP: 35/43 MP: 6/9
  5540 | D:4      | Learned a level 4 spell: Ice Form
  5872 | D:4      | Found a staircase to the Ecumenical Temple.
  5872 | D:4      | Noticed Pikel
  5887 | Temple   | Entered the Ecumenical Temple
  5965 | Temple   | Became a worshipper of Cheibriados the Contemplative
  6482 | D:4      | Killed Pikel
  6483 | D:4      | Reached skill level 1 in Ice Magic
  6483 | D:4      | Reached XP level 7. HP: 36/48 MP: 7/10
  6697 | D:4      | Reached XP level 8. HP: 54/54 MP: 7/11
  6856 | D:4      | Identified the +2 leather armour "Zeithrin" {Harm +Inv
                  | rPois}
  6923 | D:4      | Found an opulent altar of Gozag.
  7003 | D:5      | Entered Level 5 of the Dungeon
  7076 | D:5      | Found a glowing silver altar of Zin.
  7771 | D:5      | Found a burning altar of Makhleb.
  8008 | D:6      | Noticed Sigmund
  8019 | D:6      | Reached * piety under Cheibriados
  8037 | D:5      | Reached skill level 10 in Transmutations
  8416 | D:6      | Killed Sigmund
  8417 | D:6      | Reached XP level 9. HP: 54/59 MP: 9/12
  8667 | D:6      | Got Sif Muna's Reference Book on Ice
  8753 | D:6      | Reached skill level 3 in Dodging
  9539 | D:7      | Reached skill level 4 in Dodging
  9727 | D:7      | Reached ** piety under Cheibriados
  9742 | D:7      | Reached skill level 5 in Dodging
 10010 | D:7      | Reached skill level 5 in Unarmed Combat
 10290 | D:7      | Found a shadowy altar of Dithmenos.
 10351 | D:7      | Reached skill level 6 in Dodging
 10776 | D:7      | Reached XP level 10. HP: 58/73 MP: 13/13
 11033 | D:7      | Reached skill level 5 in Fighting
 11638 | D:7      | Found a hazy altar of Hepliaklqana.
 11639 | D:7      | Found a shimmering altar of Xom.
 11640 | D:7      | Noticed a spectral ugly thing
 11881 | D:8      | Reached *** piety under Cheibriados
 12055 | D:8      | Noticed Prince Ribbit
 12089 | D:8      | Reached skill level 7 in Dodging
 12129 | D:8      | Found a sand-covered staircase.
 12146 | Ossuary  | Entered an ossuary
 12744 | D:8      | Found a sacrificial altar of Ru.
 12895 | D:8      | Found a hide-covered altar of Uskayaw.
 13070 | D:8      | Learned a level 5 spell: Blade Hands
 13099 | D:8      | Killed Prince Ribbit
 13100 | D:8      | Reached skill level 8 in Dodging
 13213 | D:8      | Identified the +5 long sword of Disembowelment {spect,
                  | *Corrode rF- rC+ Int+5}
 13226 | D:8      | Reached **** piety under Cheibriados
 13534 | D:8      | Reached skill level 9 in Dodging
 13900 | D:8      | Reached XP level 11. HP: 75/84 MP: 8/14
 14104 | D:9      | Found an ornate altar of the Wu Jian Council.
 14342 | D:9      | Reached skill level 10 in Dodging
 14672 | D:10     | Entered Level 10 of the Dungeon
 14691 | D:10     | Found a staircase to the Lair.
 14705 | D:10     | Reached skill level 1 in Invocations
 14713 | D:10     | Reached ***** piety under Cheibriados
 14719 | D:10     | Found a flagged portal.
 14849 | Bailey   | Entered a bailey
 15612 | Bailey   | Reached skill level 5 in Invocations
 17057 | D:11     | Reached skill level 5 in Stealth
 17064 | D:11     | Reached ****** piety under Cheibriados
 17065 | D:11     | Reached XP level 12. HP: 84/94 MP: 14/17
 17481 | D:11     | Found a bloodstained altar of Trog.
 18131 | D:11     | Noticed a two-headed ogre
 18132 | D:11     | Noticed a two-headed ogre
 18140 | D:11     | Killed a two-headed ogre
 18141 | D:11     | Reached skill level 11 in Dodging
 18147 | D:11     | Killed a two-headed ogre
 18782 | D:11     | Identified the +1 robe of the Tuna {Will+ Archmagi}
 18830 | D:11     | Noticed a two-headed ogre
 18836 | D:11     | Killed a two-headed ogre
 18974 | D:11     | Reached skill level 10 in Unarmed Combat
 19942 | D:11     | Reached skill level 12 in Dodging
 20081 | D:12     | Reached skill level 10 in Fighting
 20490 | D:12     | Reached XP level 13. HP: 81/104 MP: 13/18
 20580 | D:12     | Learned a level 3 spell: Mephitic Cloud
 20960 | Lair:1   | Entered Level 1 of the Lair of Beasts
 20996 | Lair:1   | Noticed Sonja
 21008 | Lair:1   | Reached skill level 13 in Dodging
 21011 | Lair:1   | Killed Sonja
 22131 | Lair:2   | Found a dark tunnel.
 22136 | Volcano  | Entered a volcano
 22516 | Volcano  | Noticed a red draconian
 22530 | Volcano  | Killed a red draconian
 22885 | Volcano  | Found a radiant altar of Vehumet.
 22934 | Volcano  | Found a burning altar of Makhleb.
 23080 | Lair:2   | Reached skill level 14 in Dodging
 23491 | Lair:2   | Noticed Harold
 23507 | Lair:2   | Killed Harold
 24498 | Lair:3   | Found a runed translucent door.
 24502 | Lair:3   | Noticed Sadonosm's ghost (journeyman DgSk)
 24668 | Lair:3   | You fall into a shaft and drop 3 floors!
 24668 | Lair:6   | Entered Level 6 of the Lair of Beasts
 24743 | Lair:6   | Reached XP level 14. HP: 115/115 MP: 19/19
 25286 | Lair:6   | Reached skill level 15 in Dodging
 25853 | Lair:6   | Gained mutation: You sometimes lose the ability to read
                  | scrolls when taking damage. [potion of mutation]
 25853 | Lair:6   | Gained mutation: You have supernaturally acute eyesight.
                  | (SInv) [potion of mutation]
 25853 | Lair:6   | Gained mutation: You are partially covered in large bone
                  | plates. (SH +4) [potion of mutation]
 25853 | Lair:6   | Gained mutation: You possess an exceptional clarity of
                  | mind. [potion of mutation]
 26013 | Lair:5   | Found a viscous altar of Jiyva.
 26013 | Lair:5   | Found a staircase to the Slime Pits.
 26629 | Lair:5   | Identified the +11 scimitar of Blood {holy, Fragile rElec
                  | rPois rN+}
 28188 | Lair:4   | Found a frozen archway.
 28201 | IceCv    | Entered an ice cave
 28309 | IceCv    | Reached skill level 16 in Dodging
 28533 | IceCv    | Noticed a frost giant
 28553 | IceCv    | Killed a frost giant
 28693 | IceCv    | Reached XP level 15. HP: 117/125 MP: 15/20
 29635 | Lair:4   | Found a staircase to the Swamp.
 30533 | Lair:3   | Identified the +11 trident of Ebbeecvu {vorpal, rN+ Stlth+}
 30551 | Lair:3   | Killed Sadonosm's ghost
 30557 | Lair:3   | Reached skill level 10 in Stealth
 31048 | Lair:3   | Found a hole to the Spider Nest.
 31134 | Spider:1 | Entered Level 1 of the Spider Nest
 31198 | Spider:1 | Reached skill level 17 in Dodging
 34818 | Spider:1 | Reached skill level 15 in Unarmed Combat
 36229 | Spider:2 | Noticed a ghost moth
 36233 | Spider:2 | Killed a ghost moth
 36456 | Spider:2 | Reached XP level 16. HP: 134/134 MP: 23/23
 36471 | Spider:2 | Reached skill level 5 in Spellcasting
 37605 | Spider:3 | Reached skill level 15 in Fighting
 37625 | Spider:3 | HP: 3/163 [jumping spider (15)]
 38007 | Spider:3 | Learned a level 3 spell: Ignite Poison
 38015 | Spider:3 | Learned a level 7 spell: Dragon Form
 38194 | Spider:3 | Reached skill level 18 in Dodging
 38253 | Spider:3 | Noticed Azrael
 38261 | Spider:3 | Killed Azrael
 38844 | Spider:3 | Noticed Agnes
 38854 | Spider:3 | Killed Agnes
 39840 | Spider:4 | Entered Level 4 of the Spider Nest
 39924 | Spider:4 | Reached XP level 17. HP: 144/144 MP: 28/28
 40076 | Spider:4 | Found a runed translucent door.
 40078 | Spider:4 | Noticed Cumifues's ghost (journeyman MiMo)
 40137 | Spider:4 | Noticed Bai Suzhen
 40163 | Spider:4 | Killed Bai Suzhen
 40245 | Spider:4 | Reached skill level 19 in Dodging
 40253 | Spider:4 | Noticed Donald
 40259 | Spider:4 | Killed Donald
 41000 | Spider:4 | Got a gossamer rune of Zot
 41002 | Spider:4 | Identified the +2 hat of Valour {Str+2 Int+4}
 41334 | Spider:4 | Killed Cumifues's ghost
 41339 | Spider:4 | Gained mutation: Your body sometimes deteriorates upon
                  | taking damage. [mutagenic glow]
 42826 | D:12     | Found a staircase to the Orcish Mines.
 42906 | Orc:1    | Entered Level 1 of the Orcish Mines
 42923 | Orc:1    | Noticed Urug
 42928 | Orc:1    | Killed Urug
 43276 | Orc:1    | Found Filodd's Distillery.
 43683 | Orc:2    | Entered Level 2 of the Orcish Mines
 43716 | Orc:2    | Found a gate leading to a gauntlet.
 43737 | Gauntlet | Entered a Gauntlet
 43737 | Gauntlet | Found a transporter.
 43737 | Gauntlet | Found a transporter.
 43737 | Gauntlet | Found a transporter.
 43747 | Gauntlet | Found a transporter.
 43750 | Gauntlet | Found a transporter.
 43759 | Gauntlet | Found a transporter.
 43761 | Gauntlet | Found a transporter.
 43769 | Gauntlet | Found a transporter.
 43787 | Gauntlet | Found a transporter.
 43792 | Gauntlet | Found a transporter.
 43794 | Gauntlet | Found a transporter.
 43805 | Gauntlet | Found a transporter.
 44591 | Gauntlet | Identified the +1 scale mail of the Dungeon {Will++}
 44621 | Orc:2    | Gained mutation: You are frail. (-10% HP) [mutagenic glow]
 44715 | Orc:2    | Found a staircase to the Elven Halls.
 44760 | Orc:2    | Reached skill level 20 in Dodging
 45098 | Orc:2    | Found Egruoh's General Store.
 45149 | Orc:2    | Bought a scroll of blinking for 90 gold pieces
 45262 | Orc:2    | Found Vocood's Armour Shop.
 45747 | Orc:2    | Found Beguokhi's Antique Weapon Emporium.
 45840 | Orc:2    | Found Joggidghasu's Antique Armour Shoppe.
 45939 | Elf:1    | Entered Level 1 of the Elven Halls
 46264 | Elf:1    | Reached skill level 1 in Evocations
 46546 | Elf:1    | Reached XP level 18. HP: 138/138 MP: 22/29
 46568 | Elf:1    | Reached skill level 5 in Evocations
 46821 | Elf:1    | Got Aqoce's Volume of Companions
 47699 | Elf:2    | Found a transporter.
 47813 | Elf:2    | Noticed a deep elf blademaster
 47821 | Elf:2    | Noticed a Hell Sentinel
 47974 | Elf:2    | Identified the +10 quarterstaff of Dust {spect, Fragile
                  | rElec Str+4}
 48022 | Elf:2    | Found a transporter.
 48024 | Elf:2    | Found a one-way gate to the infinite horrors of the Abyss.
 48107 | Elf:2    | Found a huge runed translucent gate.
 48107 | Elf:2    | Found a huge runed translucent gate.
 48107 | Elf:2    | Found a huge runed translucent gate.
 48107 | Elf:2    | Found a huge runed translucent gate.
 48108 | Elf:2    | Found a huge runed translucent gate.
 48444 | Elf:2    | Identified the +7 war axe "Ucloreus" {vorpal, *Corrode
                  | rPois Int+4}
 48455 | Elf:2    | HP: 4/138 [deep elf high priest/damnation (21)]
 48455 | Elf:2    | Killed from afar by a deep elf high priest

Illustrated notes

Levels and vault maps discovered:
D:1:      tarquinn_simple_flora_water_f, layout_loops_corners,
          hellmonk_ecumenical_altar_crossroads, hangedman_decor_slide_cut,
          hex_tiny, minmay_indecisive_spiral
D:2:      layout_loops_cross
D:3:      kennysheep_big_flooded_room, layout_basic, lemuel_blue_sif_altar,
          minmay_checkerbox, uniq_ijyb
D:4:      layout_basic, kennysheep_mini_moat, minmay_temple_entry_waves,
          chequers_serial_rivers_large_b, uniq_pikel
D:5:      layout_loops_ring, mainiacjoe_overflow_alcove_1,
          kennysheep_little_box, kennysheep_nondescript
D:6:      layout_basic, minmay_microvault, uniq_sigmund
D:7:      layout_loops_ring, regret_index_temple_of_mockery,
          overflow_temple_1_default, eino_jars
D:8:      layout_gridville, mainiacjoe_overflow_tiny_flanked,
          general_overflow_altar, nicolae_ossuary_entry_catacombs,
          dk_noncrumbling_3, uniq_prince_ribbit1
D:9:      kennysheep_spiral_hall, layout_rooms, amcnicky_altar_gilded,
          chequers_serial_rivers_micro_a
D:10:     layout_cross, lair_entry_dummy, enter_bailey_5
D:11:     kennysheep_town
D:12:     layout_gridville, kennysheep_orc_monster_closet_entryway,
          hangedman_decor_points, minmay_misc_feat_tiny
Temple:   nicolae_temple_hex_pool
Lair:1:   layout_hall_layers, beast_lair_carwin_3, grunt_megastairs_4,
          uniq_sonja
Lair:2:   layout_regular_city, nicolae_volcano_entry_s_turn, uniq_harold
Lair:3:   layout_small_grid, spider_nest_entry_funnel_web,
          ebering_ghost_funeral_grove
Lair:4:   layout_gridlike, skrybe_swamp_entry_bodies, portal_ice_cave_rime
Lair:5:   kb_forest_paths, layout_long_grid, slime_altar_1
Lair:6:   guppyfry_lair_end_dragon, layout_loops_ring, lemuel_fruit_tree,
          infiniplex_staircase_pool_2
Spider:1: layout_chambers, guppyfry_spider_mini_3
Spider:2: layout_spider_delve
Spider:3: layout_chambers, uniq_agnes, uniq_azrael
Spider:4: grunt_spider_rune_circles, ebering_ghost_inner_flame, uniq_donald,
          uniq_bai_suzhen
Orc:1:    layout_diamond_mine, basic_altar, serial_shops, shop, uniq_urug
Orc:2:    grunt_orc_community_town_hall, layout_diamond_mine,
          grunt_orc_community_big_house_2, grunt_orc_community_big_house_1,
          grunt_orc_community_house_1, grunt_orc_community_house_1,
          grunt_orc_community_house_2, grunt_orc_community_house_1,
          gauntlet_entry_generic
Elf:1:    minmay_elf_arrival_circle, layout_rooms, minmay_elf_demonology,
          grunt_ministairs_1, billiards_dpeg
Elf:2:    elven_hall_of_blades_hangedman_alternative
          [nicolae_blade_little_rooms], layout_rooms,
          gammafunk_ghost_abyssal_escape, orc_legates

Skill      XL: |  1  2  3  4  5  6  7  8  9 10 11 12 13 14 15 16 17 18 |
---------------+-------------------------------------------------------+-----
Transmutations | 3 4 5 7 11 | 11.9
Poison Magic   | 1 3 |  3.6
Stealth        | 1 2 3 4 5 7 9 10 | 10.9
Maces & Flails | 1 2 3 |  3.1
Ice Magic      | 1 |  1.2
Dodging        | 6 9 10 12 14 16 17 18 20 | 20.3
Fighting       | 4 7 8 10 12 13 14 15 17 | 17.1
Unarmed Combat | 5 8 9 10 12 14 15 16 17 | 17.4
Invocations    | 7 |  7.7
Spellcasting   | 4 7 |  7.3
Evocations     | 3 9 |  9.9

Action                   |  1- 3 |  4- 6 |  7- 9 | 10-12 | 13-15 | 16-18 || total
-------------------------+-------+-------+-------+-------+-------+-------++-------
Melee: Unarmed           |    49 |   102 |   171 |   690 |   862 |   997 ||  2871
       Headbutt          |    11 |       |       |       |       |     1 ||    12
       Whip              |    91 |    82 |    82 |       |       |       ||   255
       Punch             |     7 |     2 |     2 |    57 |    65 |    70 ||   203
       Tailslap          |       |       |       |    10 |     3 |    56 ||    69
       Bite              |       |       |       |       |       |    48 ||    48
 Cast: Beastly Appendage |    17 |     1 |       |       |       |     2 ||    20
       Spider Form       |     3 |    16 |     1 |       |       |       ||    20
       Ice Form          |       |     2 |    12 |    11 |    32 |     9 ||    66
       Blade Hands       |       |       |       |    49 |    31 |     1 ||    81
       Dragon Form       |       |       |       |       |       |    44 ||    44
       Mephitic Cloud    |       |       |       |       |       |     5 ||     5
       Ignite Poison     |       |       |       |       |       |     1 ||     1
Invok: Slouch            |       |       |       |       |     1 |     2 ||     3
 Abil: Breathe Fire      |       |       |       |       |       |    10 ||    10
       End Transformatio |       |       |       |       |       |     2 ||     2
Evoke: Box of beasts     |       |       |       |       |       |     1 ||     1
  Use: Scroll            |       |       |     6 |    12 |     9 |    10 ||    37
       Potion            |       |       |       |     2 |     3 |     8 ||    13
 Stab: Sleeping          |     1 |     2 |     5 |    13 |    23 |    16 ||    60
       Distracted        |       |       |       |     2 |     2 |     9 ||    13
       Confused          |       |       |       |       |       |     3 ||     3
Armor: Robe              |    36 |    20 |       |     5 |    11 |       ||    72
       Skin              |       |     8 |    41 |    25 |    41 |    99 ||   214
       Leather armour    |       |       |    33 |       |       |       ||    33
       Steam dragon scal |       |       |       |    82 |    31 |    22 ||   135
Dodge: Dodged            |   124 |   184 |   351 |  1175 |  1250 |  1489 ||  4573
Block: Other             |       |       |       |       |    48 |    66 ||   114
